Map: Стазис РВ

Players

AngryDaD - Winner!

  • Race: Terran Terran
  • League: Gold
  • Spawn Location: 11:00

ИИ 1 (новичок)

  • Race: Zerg Zerg
  • Spawn Location: 1:00

VOD

Have the link to the VOD?

Description

Time

  • Played on: Dec. 23, 2018, 7:50 p.m.
  • Length: 83:15
Show
View Real Time Build Order
Export as new Build Order

AngryDaD Terran - Winner!

Build Orders: 1/1/1, Liberator Opening 

Get SALT Encoding   

  12  0:01  SCV  
  14  0:14  SCV  
  14  0:20  Supply Depot  
  14  0:26  SCV  
  15  0:32  Refinery  
  15  0:37  Refinery  
  15  0:49  Barracks  
  15  0:53  SCV  
  16  1:05  SCV  
  17  1:17  SCV  
  18  1:30  SCV  
  19  1:37  Factory  
  19  1:42  SCV  
  19  1:43  Barracks Reactor  
  20  1:56  Supply Depot  
  20  2:01  Orbital Command  
  20  2:27  Starport  
  20  2:32  Barracks Reactor  
  20  2:35  SCV  
  21  2:47  SCV  
  22  2:55  Hellion x2  
  26  3:11  SCV  
  27  3:16  Hellion x2  
  31  3:24  Barracks Tech Lab  
  31  3:32  Factory  
  31  3:35  Command Center  
  31  3:44  Liberator  
  31  3:50  Supply Depot  
  31  3:51  Supply Depot  
  31  3:55  Hellion x2  
  39  4:10  SCV  
  39  4:22  SCV  
  40  4:34  SCV  
  41  4:47  SCV x2  
  41  4:48  Liberator  
  43  4:59  SCV  
  44  5:02  Hellion x2  
  44  5:05  Viking  
  47  6:03  Hellion x2  
  51  6:15  Liberator x2  
  51  6:19  Orbital Command  
  51  6:23  Refinery  
  51  6:25  Refinery, SCV  
  52  6:37  SCV  
  59  6:49  SCV, Barracks Tech Lab  
  60  7:01  SCV  
  61  7:12  Command Center  
  61  7:13  Infernal Pre-Igniter  
  61  7:18  Armory  
  61  7:23  Engineering Bay  
  61  7:28  Armory  
  61  7:38  SCV x2  
  63  7:45  Command Center  
  63  7:50  SCV x2  
  65  7:52  Starport  
  65  7:58  Factory  
  65  8:02  SCV  
  66  8:06  Armory  
  66  8:13  Terran Vehicle And Ship Armor Level 1  
  66  8:23  Hellion x2  
  70  8:39  Terran Ship Weapons Level 1  
  64  10:28  SCV  
  64  10:29  SCV x2  
  67  10:37  Refinery, Planetary Fortress  
  67  10:41  SCV  
  68  10:43  Orbital Command  
  68  10:47  Refinery  
  68  10:48  SCV  
  69  10:53  SCV  
  70  11:00  SCV  
  70  11:01  Refinery  
  71  11:05  SCV  
  71  11:09  Fusion Core  
  71  11:10  Refinery  
  72  11:14  Terran Vehicle And Ship Armor Level 2  
  72  11:15  Terran Ship Weapons Level 2  
  72  11:28  SCV  
  73  11:36  Terran Vehicle Weapons Level 1  
  73  11:37  SCV x3  
  76  11:40  SCV  
  77  11:49  SCV x3  
  77  11:52  SCV  
  81  12:20  Command Center, SCV x4  
  85  12:24  Liberator  
  85  12:25  Liberator  
  85  12:27  Factory Tech Lab  
  85  12:29  Hellion x2  
  91  12:30  Command Center  
  91  12:32  SCV x2  
  91  12:35  Siege Tank  
  100  12:47  Barracks Tech Lab  
  100  12:52  Supply Depot  
  100  12:53  Supply Depot  
  100  12:54  Supply Depot  
  100  13:14  Hellion, Siege Tank, SCV x3, Battlecruiser  
  100  13:15  Hellion  
  116  13:28  Barracks Tech Lab  
  116  13:30  Starport  
  116  13:31  Terran Vehicle And Ship Armor Level 3, Terran Vehicle Weapons Level 2  
  116  13:32  Terran Ship Weapons Level 3  
  116  13:45  Hellion x2  
  120  13:49  Siege Tank  
  120  13:50  Siege Tank  
  126  14:07  Hellion x2  
  130  14:21  Siege Tank  
  130  14:22  Siege Tank  
  136  14:34  Liberator x2, Battlecruiser x2  
  154  15:42  Supply Depot  
  154  15:43  Supply Depot  
  154  15:47  Liberator x2, Orbital Command  
  154  15:52  Refinery  
  154  15:55  Orbital Command  
  154  15:58  Refinery  
  154  16:04  SCV x2  
  154  16:05  SCV x2  
  164  16:18  Refinery  
  164  16:25  Refinery  
  164  16:33  Hellion x14  
  164  19:54  Hellion x2  
  168  20:02  Supply Depot  
  168  20:03  Supply Depot  
  168  20:04  Supply Depot  
  168  20:24  Siege Tank x2  
  174  20:29  Command Center  
  174  20:53  Command Center, Refinery  
  174  20:55  Refinery  
  174  21:02  Refinery  
  174  21:06  Refinery  
  174  21:30  Sensor Tower  
  174  21:58  Siege Tank x2  
  180  22:02  Battlecruiser x2  
  196  22:08  Widow Mine x2  
  196  22:23  Planetary Fortress  
  196  22:27  Missile Turret  
  200  22:30  Widow Mine x2  
  200  22:32  Missile Turret  
  200  22:35  Missile Turret  
  200  23:31  Drilling Claws  
  200  24:03  Mag-Field Accelerator  
  200  24:08  Cloaking Field  
  200  24:09  Advanced Ballistics  
  200  24:13  Terran Vehicle Weapons Level 3  
  200  24:48  Sensor Tower  
  200  24:49  Smart Servos  
  200  25:28  Hyperflight Rotors  
  198  26:16  Sensor Tower  
  198  26:36  Planetary Fortress  
  194  28:59  Battlecruiser  
  200  29:23  Missile Turret  
  200  33:21  Missile Turret  
  200  34:53  Ghost Academy  
  200  34:56  Ghost Academy  
  188  37:00  Ghost Academy  
  188  37:03  Ghost Academy  
  188  37:31  Ghost Academy  
  185  37:37  Ghost Academy  
  185  38:15  Missile Turret  
  185  38:24  Weapon Refit  
  185  38:29  Battlecruiser x2  
  185  38:31  Widow Mine  
  199  38:50  Missile Turret  
  199  39:09  Missile Turret  
  199  39:19  Missile Turret  
  199  39:21  Missile Turret  
  199  39:24  Missile Turret  
  199  39:31  Missile Turret  
  199  40:38  Missile Turret x2  
  199  40:49  Missile Turret  
  199  40:55  Missile Turret  
  199  41:11  Missile Turret  
  184  43:57  Widow Mine x4  
  192  44:18  Widow Mine  
  192  44:19  Widow Mine x3  
  186  48:43  Widow Mine x3  
  186  48:44  Widow Mine  
  194  49:04  Widow Mine  
  194  49:05  Widow Mine  
  147  50:50  Widow Mine  
  147  50:51  Widow Mine x3  
  155  51:11  Widow Mine  
  155  51:12  Widow Mine x3  
  155  51:13  SCV x4  
  155  51:14  SCV x3  
  155  51:15  SCV  
  155  51:18  Ghost  
  173  51:24  Personal Cloaking  
  173  51:25  Nuke x5  
  173  51:33  Widow Mine x3  
  179  51:46  Ghost  
  181  52:15  Ghost  
  183  52:43  Ghost  
  185  52:49  Nuke  
  172  53:18  Widow Mine x4  
  164  53:39  Widow Mine x2  
  165  53:47  SCV x2  
  165  53:48  SCV  
  168  53:49  SCV  
  168  53:52  Widow Mine x2  
  173  54:00  Widow Mine  
  173  54:01  Widow Mine  
  173  54:13  Widow Mine x2  
  173  54:22  Widow Mine  
  173  54:23  Widow Mine  
  177  54:30  SCV  
  177  54:31  SCV x2  
  179  54:33  SCV x2  
  179  54:34  Widow Mine x2  
  186  54:43  Widow Mine  
  186  54:44  Widow Mine  
  190  54:48  Factory  
  190  54:56  Widow Mine x2  
  193  55:47  Widow Mine x3  
  186  61:53  SCV x3  
  186  61:54  SCV  
  190  61:55  SCV  
  191  62:23  Nuke x4  
  165  63:35  SCV  
  165  63:36  SCV x3  
  165  63:37  SCV  
  165  63:38  SCV x2  
  165  63:39  SCV  
  175  64:40  Factory Reactor  
  173  64:47  Liberator x2  
  179  65:11  Battlecruiser  
  185  65:17  Widow Mine x2  
  185  65:18  Widow Mine  
  185  65:19  Widow Mine  
  193  65:23  Widow Mine x2  
  197  65:38  Widow Mine  
  199  67:53  Missile Turret  
  199  67:59  Missile Turret  
  199  68:02  Missile Turret  
  199  68:06  Missile Turret  
  183  69:14  Widow Mine x5  
  183  69:15  Ghost  
  195  69:35  SCV x4  
  197  72:18  Ghost  
  199  75:04  Nuke x6  
  199  76:26  Nuke  
  199  76:27  Nuke x3  
  199  77:27  Hellion  
  199  77:44  Hellion x16  
  193  80:47  Widow Mine  
  195  80:55  SCV  
Show
View Real Time Build Order
Export as new Build Order

ИИ 1 (новичок) Zerg 

Build Orders: Hatch First 

Get SALT Encoding   

  12  0:01  Drone  
  13  0:12  Overlord  
  13  0:18  Drone  
  14  0:45  Hatchery  
  14  0:46  Drone  
  14  1:03  Spawning Pool  
  13  1:06  Drone  
  13  1:10  Extractor  
  13  1:13  Drone  
  14  1:20  Overlord  
  14  1:50  Zergling x2, Queen  
  14  1:52  Zergling x2  
  18  1:59  Roach Warren  
  17  2:04  Drone  
  17  2:07  Extractor  
  17  2:12  Drone  
  18  2:18  Zergling x2  
  19  2:23  Drone  
  20  2:30  Drone  
  21  2:38  Drone  
  22  2:45  Drone  
  23  2:52  Drone  
  24  2:59  Drone  
  24  3:03  Lair  
  25  3:31  Drone  
  26  3:39  Drone  
  27  3:46  Drone, Overlord  
  28  3:53  Drone  
  29  4:00  Drone  
  29  4:02  Spire  
  29  4:07  Drone  
  30  4:11  Overseer  
  30  4:15  Drone, Overseer  
  31  4:20  Zergling x2  
  31  4:22  Drone  
  30  4:29  Drone  
  28  4:36  Drone  
  20  4:43  Drone  
  19  4:49  Zergling x2  
  19  4:50  Drone  
  14  4:58  Drone  
  15  5:05  Drone  
  16  5:12  Drone  
  15  5:18  Roach  
  15  5:19  Drone  
  14  5:29  Drone  
  14  5:36  Drone  
  14  5:43  Drone  
  13  5:53  Drone  
  12  5:59  Zergling x2  
  12  6:00  Drone  
  14  6:07  Drone  
  15  6:15  Drone  
  16  6:22  Drone  
  17  6:29  Drone  
  18  6:36  Drone  
  19  6:40  Zergling x2  
  19  6:43  Drone  
  21  6:50  Drone  
  22  6:58  Drone  
  23  7:03  Overseer  
  23  7:05  Drone  
  24  7:12  Drone  
  24  7:13  Overlord  
  25  7:19  Drone  
  25  7:21  Mutalisk  
  28  7:26  Drone  
  29  7:33  Drone  
  30  7:41  Drone  
  31  7:48  Drone  
  32  7:55  Drone, Extractor  
  32  8:02  Drone  
  32  8:03  Zergling x2  
  34  8:09  Drone  
  34  8:11  Overlord  
  35  8:17  Drone  
  36  8:24  Drone  
  37  8:31  Drone  
  38  8:38  Drone  
  39  8:44  Mutalisk  
  39  8:46  Drone  
  42  8:52  Overlord  
  42  8:53  Drone  
  42  8:55  Queen  
  41  9:00  Drone  
  31  9:08  Drone  
  29  9:14  Zergling x2  
  29  9:15  Drone  
  29  9:22  Drone  
  29  9:29  Drone  
  26  9:35  Queen  
  26  9:37  Drone  
  24  9:43  Roach  
  24  9:44  Drone  
  20  9:51  Drone  
  7  10:11  Mutalisk  
  7  10:12  Drone  
  10  10:20  Drone  
  9  10:40  Drone  
  9  10:41  Zergling x2  
  11  10:47  Drone  
  12  10:54  Drone  
  13  11:01  Drone  
  14  11:08  Drone  
  15  11:12  Zergling x2  
  15  11:15  Overseer  
  15  11:16  Drone  
  17  11:23  Drone  
  18  11:30  Drone  
  19  11:37  Drone  
  20  11:45  Drone  
  21  11:51  Pneumatized Carapace  
  21  11:52  Drone  
  22  11:59  Drone  
  23  12:06  Drone  
  24  12:12  Overseer  
  24  12:13  Drone  
  25  12:20  Drone  
  26  12:24  Overseer  
  26  12:27  Drone  
  27  12:32  Overlord  
  27  12:38  Drone  
  28  12:45  Drone  
  28  12:49  Overseer  
  29  12:52  Drone  
  30  13:00  Drone  
  30  13:03  Overlord  
  31  13:16  Overseer  
  31  13:28  Overlord  
  31  13:29  Infestation Pit  
  30  14:07  Hive  
  30  14:14  Hydralisk Den  
  29  14:23  Drone  
  30  14:30  Drone  
  31  14:37  Overlord  
  31  14:40  Drone  
  31  14:44  Hydralisk  
  32  14:48  Drone  
  33  14:55  Drone  
  34  15:02  Drone  
  35  15:09  Drone  
  35  15:11  Overlord  
  36  15:18  Overlord  
  33  15:21  Ultralisk Cavern  
  26  15:31  Drone  
  26  15:35  Queen  
  20  15:42  Overseer  
  18  16:04  Hydralisk  
  19  16:12  Overlord  
  19  16:18  Queen  
  19  16:19  Drone  
  12  16:26  Drone  
  12  16:28  Drone  
  12  16:31  Overseer  
  4  16:37  Zergling x2  
  4  16:42  Drone x2  
  2  17:14  Drone  
  3  17:25  Drone  
  3  17:26  Drone  
  5  17:30  Drone  
  6  18:15  Spawning Pool  
  5  18:53  Drone  
  6  19:04  Drone, Roach Warren  
  6  19:16  Drone  
  7  19:26  Drone  
  8  19:36  Drone  
  9  19:45  Drone  
  10  19:56  Drone  
  10  20:04  Drone  
  11  20:14  Drone  
  11  20:23  Drone  
  11  20:33  Drone  
  11  20:43  Drone  
  12  20:54  Drone  
  13  21:02  Drone  
  14  21:14  Overlord  
  14  21:31  Queen  
  16  21:37  Drone  
  16  21:44  Drone  
  17  21:51  Drone  
  18  21:58  Drone, Overseer  
  19  22:05  Drone  
  20  22:12  Overseer  
  20  22:13  Drone  
  21  22:20  Drone  
  21  22:27  Drone  
  22  22:32  Overlord  
  22  22:36  Zergling x2  
  23  22:48  Roach  
  25  22:53  Hydralisk Den  
  24  23:06  Drone  
  25  23:13  Roach  
  27  23:21  Overlord  
  27  23:24  Ravager, Hydralisk  
  30  23:35  Roach  
  32  23:42  Overseer  
  32  23:43  Overlord  
  34  23:48  Roach  
  34  23:59  Roach  
  36  24:12  Infestation Pit  
  36  24:14  Drone  
  36  24:21  Hydralisk  
  38  24:26  Drone  
  39  24:33  Drone  
  40  24:40  Drone  
  41  24:47  Drone  
  41  24:50  Infestor  
  44  24:54  Drone  
  44  25:02  Drone  
  44  25:04  Overlord  
  45  25:09  Drone  
  45  25:16  Drone  
  46  25:23  Drone  
  46  25:31  Drone  
  47  25:38  Zergling x2  
  47  25:39  Drone  
  47  25:42  Hatchery  
  47  25:46  Drone  
  48  25:53  Drone  
  49  26:00  Drone  
  50  26:07  Drone  
  51  26:15  Drone  
  52  26:47  Ultralisk, Overlord  
  58  26:54  Drone  
  58  27:01  Drone  
  58  27:06  Overlord  
  55  27:09  Drone  
  55  27:12  Ultralisk  
  49  27:16  Drone  
  50  27:23  Drone  
  51  27:30  Drone  
  52  27:37  Zergling x2, Drone  
  54  27:44  Drone  
  55  28:01  Hydralisk  
  57  28:14  Extractor x2  
  57  28:15  Drone  
  57  28:16  Extractor  
  55  28:22  Drone  
  55  28:23  Extractor  
  55  28:29  Drone  
  56  28:36  Drone  
  57  28:42  Hydralisk  
  44  29:09  Zergling x2  
  43  29:34  Ultralisk  
  48  29:59  Ultralisk  
  48  30:23  Hydralisk  
  50  30:49  Zergling x2  
  43  31:15  Ultralisk  
  48  31:24  Drone  
  36  31:31  Drone  
  28  31:37  Queen  
  28  31:38  Drone  
  24  31:42  Ultralisk  
  24  31:46  Drone  
  22  31:53  Drone  
  23  32:00  Drone  
  23  32:07  Drone, Hydralisk  
  19  32:14  Drone  
  19  32:22  Drone  
  20  32:24  Overseer  
  20  32:29  Drone  
  21  32:33  Zergling x2  
  21  32:36  Drone  
  21  32:37  Spire  
  22  32:43  Drone  
  23  32:50  Drone  
  24  32:57  Drone  
  25  33:01  Hydralisk  
  25  33:04  Drone  
  28  33:12  Drone  
  29  33:19  Drone  
  30  33:26  Drone  
  31  33:33  Drone  
  32  33:41  Drone  
  34  33:48  Drone  
  34  33:49  Greater Spire, Corruptor  
  37  33:55  Drone  
  38  34:02  Drone  
  38  34:10  Drone  
  39  34:17  Drone  
  40  34:24  Drone  
  41  34:32  Drone  
  42  34:39  Drone  
  43  34:46  Drone  
  44  34:53  Drone  
  45  35:00  Drone  
  45  35:01  Brood Lord, Corruptor  
  50  35:08  Drone  
  51  35:14  Overseer  
  51  35:16  Drone  
  52  35:23  Drone  
  52  35:24  Hatchery  
  52  35:30  Drone  
  53  35:37  Drone  
  54  35:43  Overlord, Overseer  
  54  35:44  Zergling x2  
  44  36:03  Overlord  
  41  36:08  Corruptor  
  39  36:23  Overlord  
  39  36:24  Overseer  
  39  36:33  Zergling x2  
  39  36:37  Drone  
  41  36:44  Drone  
  42  36:51  Drone  
  43  36:57  Brood Lord  
  43  36:58  Zergling x2, Extractor  
  43  36:59  Drone  
  45  37:06  Drone  
  46  37:14  Drone, Extractor  
  46  37:21  Drone  
  46  37:22  Corruptor  
  44  37:47  Zergling x2  
  45  38:02  Overlord, Overseer  
  45  38:12  Corruptor  
  44  38:27  Overlord, Overseer  
  44  38:40  Hydralisk  
  46  38:47  Overlord  
  44  39:03  Overlord  
  44  39:08  Overseer  
  41  39:21  Zergling x2, Overlord  
  42  39:30  Overlord  
  42  39:37  Overlord  
  40  39:54  Overlord  
  40  40:03  Overlord  
  40  40:10  Overlord  
  40  40:27  Overlord  
  40  40:36  Overlord  
  40  40:43  Overlord  
  40  41:01  Overlord  
  40  41:10  Overlord  
  40  41:16  Overlord  
  40  41:34  Overlord  
  40  41:43  Overlord  
  40  41:50  Overlord  
  35  42:01  Roach  
  32  42:10  Overlord  
  32  42:12  Zergling x2  
  27  42:28  Overlord, Roach  
  27  42:38  Hydralisk  
  29  42:48  Overlord  
  29  42:50  Roach  
  29  42:51  Drone  
  26  43:00  Drone  
  26  43:01  Roach  
  26  43:04  Overseer  
  28  43:07  Drone  
  28  43:08  Overlord  
  28  43:12  Infestor  
  30  43:14  Drone  
  31  43:20  Overseer  
  31  43:22  Drone  
  31  43:23  Zergling x2  
  33  43:29  Drone  
  33  43:31  Overlord  
  34  43:34  Hydralisk  
  34  43:36  Drone  
  29  43:43  Drone  
  28  43:51  Drone, Overseer  
  29  43:58  Drone, Corruptor  
  29  43:59  Overlord  
  32  44:05  Drone  
  33  44:13  Drone  
  34  44:17  Overseer  
  34  44:18  Overlord  
  34  44:20  Drone  
  35  44:31  Overseer  
  35  44:35  Brood Lord, Corruptor  
  35  44:36  Drone, Overlord  
  39  44:55  Drone  
  39  44:57  Overlord  
  40  45:01  Overseer  
  39  45:07  Overseer  
  39  45:13  Drone  
  39  45:15  Corruptor  
  39  45:16  Brood Lord  
  39  45:17  Overlord  
  39  45:20  Drone  
  44  45:31  Overseer  
  44  45:35  Drone  
  44  45:36  Overlord  
  44  45:42  Drone  
  45  45:50  Drone  
  45  45:52  Zergling x2  
  43  45:57  Drone, Overlord  
  43  46:00  Overseer  
  44  46:04  Drone  
  44  46:07  Overseer  
  44  46:12  Drone  
  44  46:16  Corruptor  
  46  46:19  Drone  
  46  46:22  Overlord  
  46  46:24  Overlord  
  47  46:29  Overseer  
  45  46:41  Drone  
  46  46:48  Drone  
  47  46:55  Overlord, Overseer  
  47  46:56  Drone, Overlord  
  48  47:01  Hatchery  
  48  47:03  Drone  
  48  47:07  Overseer  
  48  47:14  Drone  
  48  47:16  Overseer  
  48  47:18  Overlord  
  48  47:27  Overseer  
  48  47:36  Overlord  
  48  47:45  Overlord  
  48  47:57  Overseer  
  48  48:01  Overseer  
  48  48:03  Ultralisk  
  48  48:04  Overlord  
  49  48:14  Drone  
  50  48:21  Drone  
  50  48:24  Overlord  
  47  48:29  Zergling x2  
  47  48:30  Drone  
  43  48:40  Overseer  
  43  48:41  Overseer  
  43  48:43  Overlord  
  43  48:47  Drone  
  43  48:54  Ultralisk  
  49  49:01  Drone  
  50  49:04  Overlord  
  50  49:09  Drone  
  43  49:10  Overseer  
  43  49:16  Drone  
  42  49:17  Overseer  
  42  49:19  Hydralisk  
  42  49:22  Queen, Overlord  
  42  49:24  Drone  
  40  49:31  Drone  
  30  49:35  Overseer  
  30  49:38  Drone  
  25  49:43  Overlord  
  25  49:45  Ultralisk, Drone  
  28  49:52  Drone  
  28  49:56  Overseer  
  28  49:59  Drone  
  28  50:03  Overlord  
  28  50:07  Drone  
  28  50:10  Zergling x2  
  28  50:13  Hatchery  
  28  50:15  Drone  
  28  50:18  Overseer  
  28  50:22  Drone  
  29  50:30  Drone  
  29  50:35  Overseer  
  30  50:36  Overlord  
  30  50:38  Drone  
  31  50:45  Drone  
  32  50:52  Drone  
  32  50:58  Overlord  
  32  51:01  Drone  
  32  51:02  Zergling x2  
  21  51:08  Drone  
  21  51:09  Overseer  
  20  51:16  Drone, Overlord  
  21  51:18  Overseer  
  21  51:23  Drone  
  22  51:28  Ultralisk  
  22  51:30  Drone  
  28  51:38  Drone  
  29  51:45  Drone, Overlord  
  30  51:53  Ultralisk  
  36  51:54  Drone  
  36  51:59  Overseer  
  36  52:03  Drone  
  36  52:05  Overlord  
  37  52:10  Drone  
  37  52:14  Hydralisk  
  40  52:16  Overseer  
  40  52:18  Drone  
  41  52:24  Overlord  
  41  52:25  Drone  
  41  52:28  Roach  
  41  52:32  Drone  
  42  52:37  Overseer  
  42  52:39  Drone  
  42  52:40  Hydralisk  
  39  52:44  Queen  
  39  52:45  Overlord  
  39  52:46  Drone  
  39  52:53  Drone  
  39  52:55  Zergling x2  
  40  52:59  Overseer  
  40  53:01  Drone  
  39  53:07  Overlord  
  39  53:08  Drone  
  39  53:09  Roach  
  41  53:15  Drone  
  41  53:19  Overseer  
  39  53:21  Hydralisk  
  39  53:23  Drone  
  42  53:30  Overlord  
  42  53:31  Drone  
  42  53:34  Zergling x2  
  42  53:38  Drone  
  40  53:42  Overseer  
  40  53:46  Drone  
  40  53:47  Roach  
  43  53:51  Overlord  
  43  53:53  Drone  
  44  54:00  Drone  
  44  54:03  Zergling x2  
  44  54:05  Overseer  
  44  54:07  Drone, Queen  
  39  54:14  Drone  
  39  54:16  Overlord, Hydralisk  
  38  54:22  Drone  
  36  54:29  Drone, Roach  
  38  54:36  Overlord  
  37  54:38  Drone  
  37  54:43  Hydralisk  
  36  54:54  Overlord  
  36  54:56  Roach  
  38  55:09  Overlord  
  38  55:13  Hydralisk  
  38  55:27  Queen  
  38  55:28  Overlord, Roach, Ravager  
  41  55:29  Overseer x2  
  43  55:41  Zergling x2  
  44  55:48  Overlord  
  44  55:52  Roach  
  44  55:54  Overlord  
  39  56:01  Overseer  
  39  56:07  Ravager  
  39  56:08  Roach  
  42  56:13  Overlord  
  42  56:14  Overseer  
  42  56:17  Hydralisk  
  44  56:21  Overseer  
  44  56:28  Roach  
  44  56:31  Queen  
  44  56:32  Overlord  
  46  56:43  Overlord  
  46  56:44  Overseer  
  46  57:01  Overlord, Hydralisk  
  46  57:03  Overseer  
  48  57:16  Overseer  
  48  57:20  Roach, Overlord  
  48  57:22  Queen, Overseer  
  39  57:30  Roach  
  39  57:34  Drone  
  24  57:40  Zergling x2  
  24  57:41  Drone, Overlord  
  26  57:49  Drone  
  26  57:55  Overseer  
  26  57:56  Drone  
  27  58:02  Overlord  
  27  58:03  Drone  
  28  58:12  Drone, Zergling x2  
  22  58:13  Queen  
  22  58:15  Overseer  
  22  58:19  Drone  
  16  58:23  Roach  
  16  58:26  Drone  
  19  58:33  Roach, Overseer  
  19  58:34  Drone  
  21  58:41  Drone  
  13  58:48  Drone  
  16  58:50  Overlord  
  16  58:55  Drone  
  14  58:56  Queen  
  14  59:02  Drone  
  10  59:03  Zergling x2  
  14  59:20  Overlord  
  12  59:31  Drone  
  9  59:35  Queen  
  9  59:38  Drone  
  13  59:52  Drone  
  11  60:02  Overlord, Hydralisk  
  12  60:14  Drone, Queen  
  12  60:21  Drone  
  13  60:27  Corruptor  
  13  60:28  Drone  
  14  60:35  Drone, Overseer  
  14  60:36  Overlord  
  14  60:43  Drone  
  12  60:50  Drone  
  12  60:53  Zergling x2  
  13  60:57  Drone  
  14  61:04  Drone  
  14  61:07  Overlord  
  10  61:11  Drone  
  11  61:19  Drone  
  11  61:20  Corruptor  
  11  61:21  Brood Lord  
  11  61:22  Overseer  
  15  61:26  Drone  
  16  61:33  Drone  
  16  61:36  Queen  
  16  61:39  Overlord  
  16  61:40  Drone  
  17  61:48  Drone  
  17  61:50  Overseer  
  17  61:51  Brood Lord  
  19  61:55  Drone  
  19  61:59  Overlord  
  20  62:13  Overseer  
  18  62:22  Overlord  
  18  62:33  Overseer  
  18  62:37  Drone  
  19  62:45  Drone  
  18  62:52  Drone  
  19  63:02  Drone  
  20  63:23  Queen  
  18  63:29  Drone  
  15  63:36  Drone  
  16  63:43  Overseer  
  16  63:44  Drone  
  17  63:51  Drone  
  18  63:56  Overlord  
  19  64:02  Drone  
  16  64:21  Queen  
  18  64:29  Overseer  
  18  64:30  Overlord  
  18  64:39  Zergling x2  
  19  65:03  Overlord  
  19  65:04  Corruptor  
  20  65:18  Overseer  
  20  65:30  Zergling x2  
  21  65:36  Overlord, Overseer  
  19  65:54  Corruptor  
  20  66:09  Overlord  
  20  66:18  Drone  
  20  66:23  Hydralisk  
  23  66:26  Drone  
  23  66:30  Overlord, Overseer  
  24  66:52  Brood Lord, Zergling x2  
  27  67:01  Overlord, Overseer  
  27  67:20  Overseer  
  27  67:21  Overlord, Roach  
  29  67:40  Overseer  
  29  67:41  Overlord  
  29  67:46  Corruptor  
  31  68:02  Overlord  
  31  68:22  Roach  
  32  68:34  Zergling x2  
  32  68:35  Overseer  
  32  68:37  Overlord  
  33  68:55  Roach  
  27  69:05  Overlord, Overseer  
  27  69:06  Hydralisk  
  29  69:26  Overlord, Roach, Overseer  
  31  69:46  Overseer  
  31  69:47  Overlord  
  20  70:07  Overseer  
  20  70:25  Roach  
  22  70:35  Overlord  
  20  71:08  Overlord  
Tags
 
Add a new tag
Caveats
  • Supply blocks, unpowered buildings, or Contaminate may cause inaccurate times.
  • Supply counts are checked every 10 seconds.